 Dungeon Crawl Stone Soup version 0.20-a0-984-ge8aa303 (webtiles) character file.

67 Alarkh the Chopper (level 4, 33/33 HPs)
             Began as a Demonspawn Skald on Apr 10, 2017.
             Quit the game on level 2 of the Dungeon.
             The game lasted 00:02:15 (2082 turns).

Alarkh the Chopper (Demonspawn Skald)               Turns: 2082, Time: 00:02:16

Health: 33/33      AC:  2    Str: 11    XL:     4   Next: 0%
Magic:  7/7        EV: 14    Int: 15    God:
Gold:   81         SH:  0    Dex: 13    Spells: 6/7 levels left

rFire    . . .     SeeInvis .   a - +0 hand axe
rCold    . . .     Gourm    .   (no shield)
rNeg     . . .     Faith    .   n - +0 robe (curse)
rPois    .         Spirit   .   (helmet restricted)
rElec    .         Reflect  .   (no cloak)
rCorr    .         Harm     .   (no gloves)
MR       .....                  (no boots)
Stlth    +.........             (no amulet)
Regen    0.2/turn               (no ring)
MPRegen  0.1/turn               (no ring)

@: no status effects
A: antennae 1, repulsion field 1
a: no special abilities


You were on level 2 of the Dungeon.
You were not hungry.

You visited 1 branch of the dungeon, and saw 2 of its levels.

You collected 81 gold pieces.

Inventory:

Hand Weapons
 a - a +0 hand axe (weapon)
Armour
 b - a +0 leather armour
 n - a cursed +0 robe (worn)
Scrolls
 e - a scroll of identify
 g - a scroll of fog {unknown}
 l - 2 scrolls of enchant weapon {unknown}
 m - a scroll of recharging {unknown}
 o - a scroll of magic mapping {unknown}
Potions
 h - 2 potions of agility {unknown}
 j - 2 potions of curing
 k - 2 potions of lignification
 p - a potion of resistance
Books
 c - a book of Battle

   Spells                             Type                      Level
   a - Infusion                       Charms                       1
   b - Shroud of Golubria             Charms/Translocation         2
   c - Song of Slaying                Charms                       2
   d - Spectral Weapon                Hexes/Charms                 3
   e - Regeneration                   Charms/Necromancy            3
Comestibles
 d - 2 bread rations
 f - 6 chunks of flesh
 i - 3 meat rations


   Skills:
 - Level 2.0 Fighting
 + Level 3.9 Axes
 - Level 0.8 Armour
 - Level 1.7 Dodging
 - Level 2.0 Spellcasting
 - Level 2.6 Charms


You had 6 spell levels left.
You knew the following spells:

 Your Spells              Type           Power        Failure   Level  Hunger
a - Infusion              Chrm           #...         10%         1    #......


Dungeon Overview and Level Annotations

Branches:
Dungeon (2/15)

Altars:
Kikubaaqudgha
Nemelex Xobeh
Qazlal
Wu Jian
The Shining One


Innate Abilities, Weirdness & Mutations

You have a pair of small antennae on your head.
You are surrounded by a mild repulsion field. (EV +2)


Message History

You hit the goblin.
The goblin is heavily wounded.
The goblin barely misses you.
You closely miss the goblin.
The goblin is heavily wounded.
The goblin barely misses you.
You hit the goblin.
You kill the goblin!
You have reached level 4!
You feel agile.
Your demonic ancestry asserts itself...
A pair of antennae grows on your head!
HP restored.
l - 2 scrolls labeled BIBUWE YKHLU (gained 1)
f - 4 chunks of flesh (gained 2)
f - 5 chunks of flesh (gained 1);
f - 6 chunks of flesh (gained 1)
You see here a dagger.
p - a potion of resistance
Things that are here:
a club; 19 stones Are you sure you want to abandon this character and quit the game? (Confirm with "yes".)

#.#. #.# #.#. ## #.#
#... .. #.# ###. #.
##### #.# #. #. ...#
#.# #. #. #.## #.#
#. #.####..###.# #.
#@)........#######
#.##...............
...#..#....#########
.....#)###.#.#
.....#.#.# ###.#
#...##...# #.# ##'#
##### #.# #. #.# #.#


There were no monsters in sight!

Vanquished Creatures
  A gnoll (D:1)
  An ooze (D:1)
  A worm (D:2)
  3 leopard geckos
  A ball python (D:2)
  3 giant cockroaches
  15 goblins
  2 hobgoblins (D:1)
  6 kobolds
  6 bats
  4 frilled lizards (D:1)
  2 rats (D:1)
45 creatures vanquished.

Notes
Turn   | Place    | Note
-------+----------+-------------------------------------------
     0 | D:1      | Alarkh the Demonspawn Skald began the quest for the Orb.
     0 | D:1      | Reached XP level 1. HP: 16/16 MP: 3/3
    53 | D:1      | Reached skill level 2 in Axes
    84 | D:1      | Gained mutation: You are surrounded by a mild repulsion field. (EV +2) [demonic ancestry]
    84 | D:1      | Reached XP level 2. HP: 11/22 MP: 5/5
   378 | D:1      | Found a sparkling altar of Nemelex Xobeh.
   449 | D:1      | Reached skill level 3 in Axes
   449 | D:1      | Reached XP level 3. HP: 12/27 MP: 6/6
  1100 | D:2      | Found a stormy altar of Qazlal.
  1105 | D:2      | Found a glowing golden altar of the Shining One.
  1105 | D:2      | Found an ornate altar of the Wu Jian Council.
  1802 | D:2      | Found an ancient bone altar of Kikubaaqudgha.
  2007 | D:2      | Gained mutation: You have a pair of small antennae on your head. [demonic ancestry]
  2007 | D:2      | Reached XP level 4. HP: 26/33 MP: 7/7
  2082 | D:2      | Quit the game

Vault maps used:
D:1:      lordsloth_arrival_two_stooges, nemelex_xobeh_ov_fountains_minmay
D:2:      overflow_temple_1_default, grunt_temple_overflow_open,
          minmay_pentomino_q4

Skill      XL: |  1  2 |
---------------+-------+-----
Axes           | 2 3 |  3.9
Fighting       | |  2.0
Armour         | |  0.8
Dodging        | |  1.7
Spellcasting   | |  2.0
Charms         | |  2.6

Action                   |  1- 3 |  4- 6 || total
-------------------------+-------+-------++-------
Melee: Hand axe          |   164 |       ||   164
  Use: Scroll            |     2 |       ||     2
  Eat: Chunk             |     4 |       ||     4
Armor: Leather armour    |    20 |       ||    20
       Robe              |    13 |       ||    13
Dodge: Dodged            |   128 |       ||   128
